 Dungeon Crawl Stone Soup version 0.27.1-34-g3ba077fa99 (webtiles) character file.

Game seed: 16801186593323270084

993 cbfl8 the Sneak (level 7, -4/61 HPs)
             Began as a Minotaur Delver on Jan 24, 2022.
             Was an Initiate of Yredelemnul.
             Slain by a yak (11 damage)
             ... on level 5 of the Dungeon.
             The game lasted 00:12:31 (4331 turns).

cbfl8 the Sneak (Minotaur Delver)                   Turns: 4331, Time: 00:12:32

Health: -4/61      AC: 11    Str: 19    XL:     7   Next: 98%
Magic:  8/8        EV:  6    Int:  7    God:    Yredelemnul [......]
Gold:   114        SH: 14    Dex: 11    Spells: 8/9 levels left

rFire    . . .     SeeInvis .   j - +4 spear (vamp)
rCold    . . .     Faith    .   r - +0 kite shield
rNeg     . . .     Spirit   .   o - +0 chain mail
rPois    .         Reflect  +   (helmet restricted)
rElec    .         Harm     .   (no cloak)
rCorr    +         Rampage  .   (no gloves)
Will     .....                  s - +0 pair of boots
Stlth    ..........             m - amulet of reflection
HPRegen  0.20/turn              k - ring of resist corrosion
MPRegen  0.11/turn              (no ring)

@: attractive
A: horns 2, retaliatory headbutt
a: Renounce Religion


You were on level 5 of the Dungeon.
You worshipped Yredelemnul.
Yredelemnul was noncommittal.
You visited 2 branches of the dungeon, and saw 6 of its levels.

You collected 114 gold pieces.

Inventory:

Hand Weapons
 a - a +0 hand axe
 j - a +4 vampiric spear (weapon)
 l - a +0 hunting sling
Missiles
 i - 165 stones (quivered)
 n - 25 sling bullets
 q - 97 arrows
 v - 54 bolts
 w - 5 silver boomerangs
Armour
 b - a +0 leather armour
 o - a +0 chain mail (worn)
 r - a +0 kite shield (worn)
 s - a +0 pair of boots (worn)
Jewellery
 k - a ring of resist corrosion (left hand)
 m - an amulet of reflection (around neck)
Wands
 g - a wand of digging (3)
Scrolls
 d - 4 scrolls of teleportation {unknown}
 f - 2 scrolls of magic mapping
 u - a scroll of enchant weapon {unknown}
 x - a scroll of noise {unknown}
 y - a scroll of enchant armour {unknown}
Potions
 p - 2 potions of flight {unknown}
 t - a potion of attraction


   Skills:
 + Level 5.0 Fighting
 + Level 2.8(3.7) Axes
 + Level 3.7(4.2) Polearms
 + Level 5.0 Armour
 * Level 3.9 Dodging
 * Level 5.6 Stealth
 + Level 2.9 Shields
 * Level 1.8 Spellcasting


You had 8 spell levels left.
You knew the following spells:

 Your Spells              Type           Power      Damage    Failure   Level
a - Magic Dart            Conj           0%         1d3       100%        1

Your spell library contained the following spells:

 Spells                   Type           Power      Damage    Failure   Level
 Sandblast                Erth           0%         2d4       100%        1
 Sting                    Tmut/Pois      0%         1d3       100%        1
 Passwall                 Tmut/Erth      0%         N/A       100%        2
 Poisonous Vapours        Pois/Air       0%         N/A       100%        2
 Searing Ray              Conj           0%         3d3       100%        2
 Conjure Flame            Conj/Fire      0%         6-21      100%        3
 Ignite Poison            Fire/Tmut/Pois 0%         N/A       100%        3
 Inner Flame              Hex/Fire       0%         N/A       100%        3
 Cause Fear               Hex            0%         N/A       100%        4
 Fulminant Prism          Conj/Hex       0%         3d6       100%        4
 Olgreb's Toxic Radiance  Pois           0%         N/A       100%        4
 Sticky Flame             Conj/Fire      0%         2d3       100%        4
 Lee's Rapid Deconstruct  Erth           0%         3d5*      100%        5
 Discord                  Hex            0%         N/A       100%        8


Dungeon Overview and Level Annotations

Branches:
Dungeon (5/15)             Temple (1/1) D:4

Altars:
Cheibriados
Elyvilon
Gozag
Hepliaklqana
Kikubaaqudgha
Makhleb
Nemelex Xobeh
Okawaru
Qazlal
Ru
Sif Muna
Trog
Vehumet
Wu Jian
Yredelemnul
Zin


Innate Abilities, Weirdness & Mutations

You have a pair of horns on your head.
You reflexively headbutt those who attack you in melee.


Message History

The yak gores you but does no damage.
You puncture the yak! You headbutt the yak, but do no damage.
The yak is moderately wounded.
The yak gores you! You block the yak's attack.
You hit the yak.
You feel better.
You headbutt the yak.
The yak is heavily wounded.
The yak barely misses you. The yak gores you but does no damage.
You barely miss the yak. You headbutt the yak.
The yak is heavily wounded.
You block the yak's attack.
You hit the yak. You headbutt the yak.
The yak is lightly wounded.
The yak gores you! You block the yak's attack.
The yak gores you but does no damage.
You hit the yak.
The yak is moderately wounded.
You block the yak's attack. The yak gores you but does no damage.
The yak gores you. The yak gores you! You block the yak's attack.
You hit the yak.
You feel better.
The yak is moderately wounded.
You block the yak's attack.
The yak gores you but does no damage. x2
You barely miss the yak.
The yak is heavily wounded.
You block the yak's attack. The yak gores you but does no damage.
You block the yak's attack.
You hit the yak.
You feel better.
The yak is heavily wounded.
The yak gores you. You block the yak's attack. The yak gores you.
The yak gores you!
* * * LOW HITPOINT WARNING * * *
You closely miss the yak. The yak gores you but does no damage.
You block the yak's attack. x2
As you read the scroll of fog, it crumbles to dust.
The scroll dissolves into smoke.
You block the yak's attack. x2
The yak closely misses you.
It was a potion of attraction.
You feel attractive to monsters. You block the yak's attack. The yak gores you!
You die...
Your body rises from the dead as a mindless zombie.

.## ....................##....##.
.###........................#....
.#...##....................##....
....###..........................
.....#...........................
.#.........#..##......#..........
####......##.##§§##..###.........
#........##§YY###.###.........
##..#....##§§@Y.#..##.........
####....##§§§§.#..#..........
##.....§§§..<.##........>.
#####........###.#...#.#.
##..#....# ###...#### ##.##..##
##.## #......# ### ##....##
#..###


You could see 3 yaks.

Vanquished Creatures
  3 yaks (D:5)
  An ogre (D:4)
  2 scorpions
  A water moccasin skeleton (D:5)
  A centaur zombie (D:5)
  A jelly (D:4)
  An orc priest (D:4)
  A centaur skeleton (D:4)
  An iguana (D:4)
  3 gnolls (D:4)
  6 adders
  An ufetubus (D:4)
  A worm (D:4)
  2 dart slugs (D:1)
  4 orcs
  6 endoplasms
  2 giant cockroaches
  6 goblins
  8 hobgoblins
  4 jackals
  4 quokkas
  3 ball pythons
  9 bats
  2 frilled lizards (D:1)
  4 kobolds
  3 rats (D:2)
80 creatures vanquished.

Vanquished Creatures (others)
  A kobold (D:3)
1 creature vanquished.

Grand Total: 81 creatures vanquished

Notes
Turn   | Place    | Note
-------+----------+-------------------------------------------
     0 | D:5      | cbfl8 the Minotaur Delver began the quest for the Orb.
     0 | D:5      | Reached XP level 1. HP: 19/19 MP: 0/0
    36 | D:5      | Noticed a yak
    37 | D:5      | Noticed a hound
    38 | D:5      | Noticed a yak
    39 | D:5      | Noticed a yak
    39 | D:5      | Noticed a yak
    39 | D:5      | Noticed a yak
    65 | D:4      | Noticed an iguana
    71 | D:4      | Reached XP level 2. HP: 12/27 MP: 1/1
   351 | D:2      | Noticed a scorpion
   452 | D:1      | Reached skill level 1 in Armour
   464 | D:1      | Reached XP level 3. HP: 19/33 MP: 2/2
  1014 | D:1      | Found a faded altar of an unknown god.
  1359 | D:2      | Learned a level 1 spell: Magic Dart
  1639 | D:2      | Reached XP level 4. HP: 36/40 MP: 3/3
  1788 | D:2      | Killed a scorpion
  1789 | D:2      | Reached XP level 5. HP: 13/47 MP: 4/4
  2323 | D:3      | Reached skill level 1 in Polearms
  2645 | D:4      | Reached skill level 5 in Stealth
  2701 | D:4      | Reached XP level 6. HP: 52/53 MP: 5/5
  2992 | D:4      | Found a hazy altar of Hepliaklqana.
  2997 | D:4      | Found a glowing silver altar of Zin.
  3052 | D:4      | Found a staircase to the Ecumenical Temple.
  3058 | Temple   | Entered the Ecumenical Temple
  3159 | Temple   | Became a worshipper of Yredelemnul the Dark
  3237 | D:4      | Reached skill level 1 in Spellcasting
  3500 | D:4      | Reached skill level 1 in Shields
  3905 | D:5      | Killed a yak
  3906 | D:5      | Reached XP level 7. HP: 33/60 MP: 6/8
  4268 | D:5      | Noticed a yak
  4311 | D:5      | Killed a yak
  4316 | D:5      | Killed a yak
  4317 | D:5      | Reached skill level 5 in Fighting
  4317 | D:5      | Reached skill level 5 in Armour
  4331 | D:5      | Slain by a yak

Illustrated notes

Levels and vault maps discovered:
D:1:      dpeg_arrival_boxorama, layout_basic,
          ebering_ecumenical_altar_sacrificial
D:2:      minmay_evil_eye, layout_basic, minmay_quantized
D:3:      layout_rooms
D:4:      layout_cave_pools, mainiacjoe_overflow_big_doors,
          minmay_temple_entry_enclosed_plants
D:5:      layout_cave_pools
Temple:   zaba_magenta_temple

Skill      XL: |  1  2  3  4  5  6  7 |
---------------+----------------------+-----
Armour         | 1 3 4 5 |  5.0
Fighting       | 4 5 |  5.0
Polearms       | 1 3 |  3.7
Stealth        | 5 |  5.6
Spellcasting   | 1 |  1.8
Shields        | 2 |  2.9
Dodging        | 3 |  3.9
Axes           | |  2.8

Action                   |  1- 3 |  4- 6 |  7- 9 || total
-------------------------+-------+-------+-------++-------
Melee: Hand axe          |    30 |       |       ||    30
       Headbutt          |     9 |    28 |    15 ||    52
       Spear             |    25 |   115 |    34 ||   174
  Use: Potion            |     1 |       |     5 ||     6
       Scroll            |     1 |       |     2 ||     3
 Stab: Sleeping          |     2 |     1 |       ||     3
Armor: Leather armour    |    33 |     1 |       ||    34
       Chain mail        |       |    57 |    19 ||    76
Dodge: Dodged            |    66 |    32 |     8 ||   106
Block: Other             |     1 |     2 |       ||     3
       Kite shield       |       |    66 |    37 ||   103
       Reflection        |       |     2 |       ||     2
